 Dungeon Crawl Stone Soup version 0.28-b1-1-g3c77fb2ed1 (webtiles) character file.

Game seed: 16130984214436887115

1311 EWolf27 the Ruffian (level 8, 0/75 HPs)
             Began as a Troll Fighter on Jan 29, 2022.
             Was a Follower of the Shining One.
             Slain by a hornet (13 damage)
             ... on level 7 of the Dungeon on Jan 30, 2022.
             The game lasted 00:15:35 (4627 turns).

EWolf27 the Ruffian (Troll Fighter)                 Turns: 4627, Time: 00:15:36

Health: 0/75       AC:  5    Str: 25    XL:     8   Next: 32%
Magic:  6/9        EV:  9    Int:  4    God:    the Shining One [*.....]
Gold:   364        SH: 15    Dex: 11    Spells: 7/7 levels left

rFire   . . .      SeeInvis .     - Unarmed
rCold   . . .      Faith    .   b - +0 kite shield
rNeg    . . .      Spirit   .   g - +0 robe
rPois   .          Reflect  .   (helmet restricted)
rElec   .          Harm     .   m - +0 cloak
rCorr   +          Rampage  .   (gloves unavailable)
Will    .....                   (boots unavailable)
Stlth   +.........              (no amulet)
HPRegen 1.02/turn               u - ring of resist corrosion
MPRegen 0.11/turn               (no ring)

@: lethally poisoned (0 -> -1), divinely shielded, slowed, glowing, studying
Poison Magic, very slow
A: large, unfitting armour, claws 3, regeneration 1, shaggy fur 1, tough skin 1
a: Renounce Religion, Divine Shield


You were on level 7 of the Dungeon.
You worshipped the Shining One.
The Shining One was aware of your devotion.
You visited 2 branches of the dungeon, and saw 9 of its levels.

You collected 364 gold pieces.

Inventory:

Hand Weapons
 a - a +2 whip of venom
 v - a +0 giant spiked club
Missiles
 d - 9 boomerangs (quivered)
Armour
 b - a +0 kite shield (worn)
 f - a scarf of harm
 g - a +0 robe (worn)
 m - a +0 cloak (worn)
Jewellery
 u - a ring of resist corrosion (left claw)
Wands
 q - a wand of iceblast (3)
Scrolls
 e - 7 scrolls of identify {unknown}
 i - a scroll of vulnerability {unknown}
 j - a scroll of silence {unknown}
 l - 2 scrolls of blinking {unknown}
 n - 6 scrolls of teleportation {unknown}
 p - 3 scrolls of fear {unknown}
 r - a scroll of torment {unknown}
 s - a scroll of magic mapping {unknown}
 w - a scroll of acquirement {unknown}
Potions
 c - a potion of might
 h - 2 potions of ambrosia {unknown}
 k - 2 potions of attraction {unknown}
 o - 2 potions of mutation {unknown}
 t - a potion of brilliance {unknown}


   Skills:
 + Level 3.2 Fighting
 - Level 4.0 Dodging
 - Level 0.9 Stealth
 * Level 4.4 Shields
 + Level 6.9 Unarmed Combat
 * Level 2.9 Invocations


You had 7 spell levels left.
You didn't know any spells.
Your spell library contained the following spells:

 Spells                   Type           Power      Damage    Failure   Level
 Corpse Rot               Necr/Air       0%         N/A       89%         2
 Poisonous Vapours        Pois/Air       0%         N/A       89%         2


Dungeon Overview and Level Annotations

Branches:
Dungeon (8/15)             Temple (1/1) D:5
   Lair: D:8-11

Altars:
Cheibriados
Dithmenos
Elyvilon
Gozag
Kikubaaqudgha
Makhleb
Nemelex Xobeh
Okawaru
Ru
Sif Muna
Trog
Uskayaw
Vehumet
Wu Jian
Xom
Yredelemnul
Zin
The Shining One

Annotations:
D:7 2 runed translucent doors


Innate Abilities, Weirdness & Mutations

You are too large for most types of armour.
You have claws for hands.
Your natural rate of healing is unusually fast.
You are covered in fur. (AC +1)
You have tough skin. (AC +1)


Message History

The orc throws a boomerang.
The boomerang hits you.
You see here 15 gold pieces.
The orc throws a boomerang.
The boomerang hits you.
A hornet comes into view.
The hornet buzzes angrily.
You block the orc's attack.
You mangle the orc!!
You kill the orc!
The hornet stings you!
You feel yourself slow down.
You scratch the hornet.
The hornet is lightly wounded.
The hornet stings you but does no damage.
The hornet stings you!
You suddenly lose the ability to move!
The hornet stings you.
You are poisoned.
You feel as though you will be slow longer.
The hornet stings you!
You feel as though you will be slow longer.
You feel very sick. The hornet stings you!
You are more poisoned.
You feel as though you will be slow longer.
You can move again.
You scratch the hornet.
The hornet is lightly wounded.
You feel very sick.
You block the hornet's attack. x2; The hornet closely misses you.
You mangle the hornet!!
The hornet is severely wounded.
You feel very sick. The hornet stings you!
* * * LOW HITPOINT WARNING * * *
You feel as though you will be slow longer.
The hornet stings you.
* * * LOW HITPOINT WARNING * * *
You feel as though you will be slow longer.
Your shield is strengthened by the Shining One's divine power.
You feel very sick. The hornet stings you!
You die...

#. ##..... #..
'..... #..##....##
......... #......##
#.......### ..
#....y....# )..
#...)@....# ....
##.........###....
...................
.........$.........
...................
...................
..........))#######
....###.###)###
.... #...##.).#


You could see a hornet.

Vanquished Creatures
  2 ice beasts (D:5)
  A black bear (D:7)
  An ogre (D:5)
  2 kobold brigands
  A bullfrog (D:5)
  2 scorpions
  A water moccasin zombie (D:5)
  A water moccasin skeleton (D:5)
  A bullfrog zombie (D:5)
  2 hounds
  A bullfrog skeleton (D:4)
  A gnoll shaman (D:5)
  3 iguanas
  2 orc wizards
  2 killer bee zombies
  A hound zombie (D:5)
  8 gnolls
  A howler monkey skeleton (D:5)
  5 adders
  An adder skeleton (D:4)
  A worm (D:2)
  3 dart slugs
  5 orcs
  5 endoplasms
  2 giant cockroaches
  7 hobgoblins
  3 jackals (D:2)
  13 kobolds
  6 quokkas
  9 ball pythons
  11 bats
  2 frilled lizards
  6 goblins
  5 rats
117 creatures vanquished.

Vanquished Creatures (others)
  6 withered plants (D:2)
6 creatures vanquished.

Grand Total: 123 creatures vanquished

Notes
Turn   | Place    | Note
-------+----------+-------------------------------------------
     0 | D:1      | EWolf27 the Troll Fighter began the quest for the Orb.
     0 | D:1      | Reached XP level 1. HP: 22/22 MP: 0/0
   110 | D:1      | Reached XP level 2. HP: 29/29 MP: 1/1
   540 | D:1      | Reached XP level 3. HP: 36/36 MP: 2/2
  1037 | D:2      | Found a faded altar of an unknown god.
  1202 | D:2      | Reached XP level 4. HP: 37/44 MP: 3/3
  1277 | D:2      | Reached skill level 3 in Unarmed Combat
  1776 | D:3      | Found an ancient bone altar of Kikubaaqudgha.
  1842 | D:3      | Found a shimmering altar of Xom.
  2044 | D:4      | Found an ornate altar of the Wu Jian Council.
  2181 | D:4      | Reached XP level 5. HP: 50/50 MP: 4/4
  2528 | D:4      | Reached skill level 4 in Unarmed Combat
  2871 | D:5      | Entered Level 5 of the Dungeon
  2960 | D:5      | Noticed an ogre
  2969 | D:5      | Killed an ogre
  2970 | D:5      | Reached XP level 6. HP: 38/59 MP: 5/5
  3018 | D:5      | Found a staircase to the Ecumenical Temple.
  3038 | Temple   | Entered the Ecumenical Temple
  3126 | Temple   | Became a worshipper of the Shining One
  3452 | D:5      | Noticed an ice beast
  3457 | D:5      | Reached skill level 5 in Unarmed Combat
  3459 | D:5      | Killed an ice beast
  3460 | D:5      | Reached skill level 1 in Invocations
  3460 | D:5      | Reached XP level 7. HP: 44/66 MP: 6/6
  3488 | D:5      | Found a bloodstained altar of Trog.
  3644 | D:5      | Reached skill level 6 in Unarmed Combat
  4310 | D:6      | Reached * piety under the Shining One
  4332 | D:6      | Reached XP level 8. HP: 58/75 MP: 8/8
  4500 | D:6      | You fall into a shaft and drop 2 floors!
  4509 | D:7      | Noticed a gargoyle
  4509 | D:7      | Found a large runed translucent door.
  4509 | D:7      | Found a large runed translucent door.
  4618 | D:7      | Noticed a hornet
  4622 | D:7      | Paralysed by a hornet for 3 turns
  4627 | D:7      | Slain by a hornet

Illustrated notes

Levels and vault maps discovered:
D:1:      nzn_arrival_crosshair, layout_loops_ring
D:2:      layout_loops_ring, ebering_ecumenical_altar_petrified
D:3:      layout_rooms, nicolae_overflow_hidden_temple, lemuel_doored_altar
D:4:      layout_gridville, amcnicky_altar_gilded, nrook_mini_vaults,
          minmay_pentangle
D:5:      layout_basic, lemuel_tele_altar, minmay_temple_entry_stoned_glass,
          minmay_manual_mail
D:6:      layout_loops_ring, fedhas_altar_fruit_tree, kennysheep_minor_cross,
          uniq_menkaure
D:7:      layout_basic, nicolae_hepliaklqana_monster_ancestors,
          minmay_misc_feat_roman, minmay_misc_feat_enclosed,
          kennysheep_another_room, chequers_serial_rivers_large_a,
          grunt_ministairs_13, minmay_hollow_rounded_squares
D:8:      layout_gridville, evilmike_ruin_ashenzari, uniq_harold
Temple:   zaba_magenta_temple

Skill      XL: |  1  2  3  4  5  6  7 |
---------------+----------------------+-----
Shields        | 3 4 |  4.4
Dodging        | 3 4 |  4.0
Unarmed Combat | 3 4 5 6 |  6.9
Invocations    | 1 2 |  2.9
Fighting       | 3 |  3.2
Stealth        | |  0.9

Action                   |  1- 3 |  4- 6 |  7- 9 || total
-------------------------+-------+-------+-------++-------
Melee: Unarmed           |   120 |   105 |   110 ||   335
Throw: Boomerang         |       |     3 |     4 ||     7
Invok: Divine Shield     |       |       |     1 ||     1
 Stab: Sleeping          |     1 |     2 |       ||     3
Armor: Robe              |    39 |    30 |    24 ||    93
Dodge: Dodged            |    47 |    28 |    51 ||   126
Block: Kite shield       |    48 |    36 |    62 ||   146
